[Event "Wed Night Engine Tour 9 Rd Swiss 5m+1s Starts at 2200hrs ST"]
[Site "Infinity Chess"]
[Date "2018.4.11"]
[Round "4"]
[White "Vimtiroba"]
[Black "star99"]
[Result "1/2-1/2"]
[ECO "C42"]
[WhiteElo "2499"]
[BlackElo "2485"]
[WhiteEngine "SF9 ''A6''"]
[BlackEngine "Cryptic Heroes 9.3B"]
[EventType "Swiss"]
[WhiteTeam ""]
[BlackTeam ""]
[PlyCount "227"]
[TimeControl "300+1"]

1. e4 e5 2. Nf3 Nf6 3. Nxe5 d6 4. Nf3 Nxe4 5. d4 d5 6. Bd3 Nc6 7. O-O Be7 
8. c4 Nb4 9. Be2 dxc4 10. Bxc4 O-O 11. Nc3 Nd6 12. Bb3 Bf6 13. Ne5 Nc6 
14. Re1 Be6 15. Nxc6 bxc6 16. Bxe6 fxe6 17. Rxe6 Nf5 18. d5 cxd5 19. Qxd5 Qxd5 
20. Nxd5 Bd4 21. Bf4 Bxb2 22. Rb1 Bd4 23. Nxc7 Rac8 24. Re2 g5 25. Ne6 gxf4 
26. Nxf8 Kxf8 27. Re4 Kg7 28. Rxf4 Kg6 29. g3 h5 30. Re1 Rc6 31. Kg2 Bf6 
32. Ra4 Bd4 33. Re2 Bb6 34. Rae4 Kf6 35. a4 Bc7 36. Re8 Bb6 37. Rf8+ Kg6 
38. Re5 Nh6 39. Rfe8 Kf7 40. R5e7+ Kf6 41. Re4 Nf7 42. h3 Kg7 43. Rf4 Kg6 
44. Rg8+ Kh7 45. Rf8 Nh6 46. Re8 Kg6 47. Rfe4 Kf6 48. a5 Bc7 49. Rd4 Rc5 
50. Rd7 Bxa5 51. Rd6+ Kg7 52. Re7+ Nf7 53. Rxa7 Be1 54. Re6 Bb4 55. Rb7 Ba5 
56. Ra6 Bd8 57. Rd7 Rf5 58. g4 hxg4 59. hxg4 Rf4 60. Kg3 Rf6 61. Rxf6 Bxf6 
62. f4 Kg6 63. Rc7 Ne5 64. Rb7 Nf7 65. Rc7 Ne5 66. Rb7 Nf7 67. Kf3 Bh4 
68. Rd7 Be1 69. Rb7 Bh4 70. Rb8 Kg7 71. Ke3 Kg6 72. Rb6+ Kg7 73. Rb7 Kf6 
74. Rb4 Kg7 75. Rb8 Nh6 76. Rb7+ Nf7 77. Ke4 Kg6 78. Rb6+ Kg7 79. Rb7 Kg6 
80. Rb4 Kf6 81. Rb2 Kg6 82. Rb6+ Kg7 83. Kf3 Bd8 84. Rb7 Kg6 85. Rb2 Bc7 
86. Rc2 Bd8 87. Rc8 Kg7 88. Rc6 Be7 89. Rc8 Bd8 90. Ke3 Kf6 91. Rc6+ Kg7 
92. Ra6 Be7 93. Kf3 Bd8 94. Ra7 Kg6 95. Ra6+ Kg7 96. Kg3 Bf6 97. Ra8 Kg6 
98. Kf3 Kg7 99. Ke4 Bh4 100. Ra7 Kg6 101. Ra8 Kg7 102. Ra3 Bd8 103. Re3 Bh4 
104. Rd3 Kg6 105. Rd2 Bd8 106. Kd5 Bc7 107. Ke4 Nd6+ 108. Kf3 Nf7 109. Re2 Bd8 
110. Re6+ Kg7 111. Ke3 Nh6 112. g5 Nf7 113. f5 Nxg5 114. Rd6 1/2-1/2

[Event "Wed Night Engine Tour 9 Rd Swiss 5m+1s Starts at 2200hrs ST"]
[Site "Infinity Chess"]
[Date "2018.4.11"]
[Round "4"]
[White "Dovahkiin"]
[Black "MGR"]
[Result "0-1"]
[ECO "C50"]
[WhiteElo "2415"]
[BlackElo "2497"]
[WhiteEngine "Raubfisch ME262_GTZ16f_CTG"]
[BlackEngine "asmFishW_2018-04-08_popcnt"]
[EventType "Swiss"]
[WhiteTeam ""]
[BlackTeam ""]
[PlyCount "180"]
[TimeControl "300+1"]

1. e4 e5 2. Nf3 Nc6 3. Bc4 Bc5 4. O-O Nf6 5. d3 d6 6. c3 a5 7. Bg5 Ba7 
8. Nbd2 h6 9. Bh4 g5 10. Bg3 O-O 11. a4 Kg7 12. Re1 Ng8 13. Nf1 h5 14. h3 Nh6 
15. d4 g4 16. Bh4 f6 17. Ng3 Qe8 18. Nh2 Kh8 19. Rc1 Qg6 20. Ba2 f5 21. hxg4 f4 
22. gxh5 Qg7 23. Ngf1 exd4 24. Nf3 Bg4 25. N1h2 Bxh5 26. Kh1 Ng4 27. cxd4 Nxh2 
28. Kxh2 Rg8 29. Rg1 Qh6 30. Bxg8 Rxg8 31. Rh1 Nxd4 32. Ng5 Rg7 33. Qd3 Ne2 
34. Qh3 Bxf2 35. Bxf2 Qxg5 36. Rc3 Nxc3 37. bxc3 Kg8 38. Kg1 f3 39. g3 Bg4 
40. Qh8+ Kf7 41. Qh6 Qe5 42. Qe3 b6 43. Rh4 Ke8 44. Qd3 Ke7 45. Kf1 Kd7 
46. Qd5 Be6 47. Qxe5 dxe5 48. g4 Kd6 49. Be3 Bxg4 50. Kf2 Be6 51. Kxf3 Bb3 
52. c4 Rf7+ 53. Ke2 Bxc4+ 54. Kd2 Bb3 55. Rh6+ Kd7 56. Bg5 Bxa4 57. Rf6 Rg7 
58. Rf5 Bb3 59. Bf6 Rg2+ 60. Kd3 a4 61. Rxe5 c5 62. Rg5 Rh2 63. Be5 Rh1 
64. Rg7+ Ke6 65. Bb2 Rh3+ 66. Kd2 Rh2+ 67. Kc1 Rh1+ 68. Kd2 Rh2+ 69. Kc1 b5 
70. Rg6+ Kd7 71. Rg7+ Kc6 72. Rg6+ Kb7 73. Rg5 Rc2+ 74. Kb1 b4 75. Rg3 Re2 
76. Kc1 Rc2+ 77. Kb1 Re2 78. Kc1 Kc6 79. Bf6 c4 80. Bd4 c3 81. Re3 Rd2 
82. Bxc3 Rc2+ 83. Kb1 bxc3 84. Re1 a3 85. Rg1 Rb2+ 86. Ka1 c2 87. Rg6+ Kb5 
88. Rg5+ Ka4 89. Ra5+ Kxa5 90. e5 c1=Q# 0-1

[Event "Wed Night Engine Tour 9 Rd Swiss 5m+1s Starts at 2200hrs ST"]
[Site "Infinity Chess"]
[Date "2018.4.11"]
[Round "4"]
[White "Deep_Impact"]
[Black "RonWeasley"]
[Result "1/2-1/2"]
[ECO "E10"]
[WhiteElo "2523"]
[BlackElo "2523"]
[WhiteEngine "asmFishW_2018-04-07_bmi2"]
[BlackEngine "BrainFish 090218_CTG"]
[EventType "Swiss"]
[WhiteTeam ""]
[BlackTeam ""]
[PlyCount "116"]
[TimeControl "300+1"]

1. d4 Nf6 2. c4 e6 3. Nf3 d5 4. Nc3 c6 5. Bg5 h6 6. Bxf6 Qxf6 7. e3 Nd7 
8. Be2 g6 9. O-O Be7 10. Nd2 O-O 11. Rc1 Qg7 12. Qc2 Rd8 13. a3 g5 14. h3 Nf6 
15. Nf3 g4 16. hxg4 Nxg4 17. cxd5 exd5 18. Bd3 h5 19. Bf5 Bxf5 20. Qxf5 Qg6 
21. Qb1 Re8 22. Rce1 Rad8 23. b4 Nh6 24. Qxg6+ fxg6 25. Na4 Bf6 26. Nc5 Re7 
27. g3 Nf5 28. Kg2 Nd6 29. a4 Ra8 30. Rb1 a6 31. Nd3 g5 32. Rh1 Rh7 
33. Nfe5 Bxe5 34. dxe5 Nc4 35. Rbe1 a5 36. e4 d4 37. Rc1 Nd2 38. bxa5 Rxa5 
39. Rc2 Nxe4 40. Rc4 Rd5 41. a5 Rxa5 42. Rxd4 Rd5 43. Rxd5 cxd5 44. f3 Nd2 
45. e6 Nc4 46. f4 Rh6 47. Re1 Kf8 48. fxg5 Rg6 49. Nf4 Rxg5 50. Kh3 d4 
51. Re4 Nd6 52. Rxd4 Rxg3+ 53. Kxg3 Nf5+ 54. Kf2 Nxd4 55. e7+ Kxe7 56. Nxh5 b6 
57. Ke3 Nb5 58. Kf4 Kd7 1/2-1/2

[Event "Wed Night Engine Tour 9 Rd Swiss 5m+1s Starts at 2200hrs ST"]
[Site "Infinity Chess"]
[Date "2018.4.11"]
[Round "4"]
[White "Murx"]
[Black "Victorious"]
[Result "1/2-1/2"]
[ECO "A13"]
[WhiteElo "2533"]
[BlackElo "2563"]
[WhiteEngine "asmFishW_2018-04-07_popcnt"]
[BlackEngine "Cfish_x64_060418_LTO_popcnt"]
[EventType "Swiss"]
[WhiteTeam ""]
[BlackTeam ""]
[PlyCount "82"]
[TimeControl "300+1"]

1. c4 e6 2. d4 Nf6 3. Nf3 b6 4. g3 Ba6 5. b3 Bb7 6. Bg2 Bb4+ 7. Bd2 Be7 
8. O-O O-O 9. Nc3 d5 10. Ne5 Nbd7 11. cxd5 exd5 12. Rc1 Re8 13. Rc2 c6 
14. e4 Nxe5 15. dxe5 Nxe4 16. Nxe4 dxe4 17. Bxe4 Bd6 18. Be3 Bxe5 19. Bxc6 Qxd1 
20. Rxd1 Bxc6 21. Rxc6 Rad8 22. Rxd8 Rxd8 23. f4 Bb8 24. Kf2 f5 25. b4 Kf7 
26. a4 Bd6 27. a5 Bxb4 28. Rc7+ Kg6 29. axb6 axb6 30. Bxb6 Rd2+ 31. Kf3 Rxh2 
32. Rc6+ Kh5 33. Rc7 Ra2 34. Rxg7 h6 35. Bd4 Ra3+ 36. Ke2 Ra2+ 37. Kf3 Be1 
38. Ra7 Rxa7 39. Bxa7 Kg6 40. g4 h5 41. gxh5+ Kxh5 1/2-1/2

[Event "Wed Night Engine Tour 9 Rd Swiss 5m+1s Starts at 2200hrs ST"]
[Site "Infinity Chess"]
[Date "2018.4.11"]
[Round "4"]
[White "MCDermont"]
[Black "BlitzMaster"]
[Result "1/2-1/2 "]
[ECO "C55"]
[WhiteElo "2566"]
[BlackElo "2531"]
[WhiteEngine "BrainFish 090218"]
[BlackEngine "asmFishW_2018-04-01_bmi2"]
[EventType "Swiss"]
[WhiteTeam ""]
[BlackTeam ""]
[PlyCount "213"]
[TimeControl "300+1"]

1. e4 e5 2. Nf3 Nc6 3. Bc4 Nf6 4. d3 Bc5 5. c3 d6 6. O-O a5 7. Nbd2 O-O 
8. Re1 Be6 9. Bb5 Ne7 10. d4 Ba7 11. Nf1 Ng6 12. Be3 c6 13. Bd3 a4 14. Bc2 b5 
15. h3 h6 16. Ng3 Bb6 17. Qd2 Re8 18. b3 Bc7 19. Red1 Qe7 20. bxa4 bxa4 
21. c4 d5 22. exd5 cxd5 23. Bxg6 exd4 24. Nxd4 fxg6 25. Nxe6 Qxe6 26. cxd5 Nxd5 
27. Qxd5 Qxd5 28. Rxd5 Bxg3 29. Rb1 Bh4 30. Kf1 Rec8 31. Rb4 Bf6 32. Rc5 Rxc5 
33. Bxc5 Rc8 34. Rb5 Rc7 35. a3 Kf7 36. Ke2 g5 37. Kd3 Rd7+ 38. Ke3 Be7 
39. Bb4 Ra7 40. f3 Kg6 41. Bxe7 Rxe7+ 42. Kf2 Rc7 43. Rb4 Ra7 44. Rc4 Ra8 
45. Ke3 Kf6 46. Re4 h5 47. Rd4 Ke5 48. Re4+ Kf6 49. Kd3 Ra5 50. Rd4 Re5 
51. Kd2 Ra5 52. Kc3 Ke5 53. Re4+ Kf6 54. Rc4 Ra7 55. Kd3 Ra5 56. Kc3 Ra8 
57. Rc6+ Ke5 58. Rc4 Kf6 59. Re4 Ra7 60. Rd4 Rc7+ 61. Kd3 Ra7 62. Rc4 Ra8 
63. Kd2 Ke6 64. Ke3 Kd5 65. Re4 Kc5 66. Rb4 Ra5 67. Kf2 Kd6 68. Ke3 Kd5 
69. Re4 Ra7 70. Kf2 Ra5 71. Kg3 Ra6 72. Kf2 Ra8 73. Ke3 Kc5 74. Kd3 Kd5 
75. Rd4+ Ke6 76. Ke4 Kf6 77. Rd6+ Kf7 78. Rd7+ Kf6 79. Rd6+ Kf7 80. Rd4 Kf6 
81. Ke3 Ra7 82. Kd3 Ra5 83. Ke3 Ra7 84. Kf2 Ra5 85. Rb4 Ra7 86. h4 gxh4 
87. Rxh4 g6 88. Rb4 Ke5 89. Rb5+ Kf6 90. Rb6+ Kf5 91. Kg3 g5 92. Rb4 Ra5 
93. Rd4 Ke5 94. Rb4 Kf5 95. Kh2 Ke5 96. Re4+ Kf6 97. Kg3 Rd5 98. Rxa4 Rd3 
99. Ra8 g4 100. Kh4 gxf3 101. Rf8+ Kg6 102. Rxf3 Rd4+ 103. Kg3 Ra4 104. Kh2 h4 
105. Kh3 Kg5 106. Rd3 Kf6 107. Kh2 1/2-1/2

[Event "Wed Night Engine Tour 9 Rd Swiss 5m+1s Starts at 2200hrs ST"]
[Site "Infinity Chess"]
[Date "2018.4.11"]
[Round "3"]
[White "star99"]
[Black "Dovahkiin"]
[Result "1/2-1/2"]
[ECO "D05"]
[WhiteElo "2488"]
[BlackElo "2412"]
[WhiteEngine "Cryptic Heroes 9.3B"]
[BlackEngine "Raubfisch ME262_GTZ16f_CTG"]
[EventType "Swiss"]
[WhiteTeam ""]
[BlackTeam ""]
[PlyCount "152"]
[TimeControl "300+1"]

1. d4 d5 2. Nf3 Nf6 3. e3 e6 4. Nbd2 c5 5. b3 Nc6 6. Bb2 cxd4 7. exd4 Bd6 
8. Bb5 O-O 9. O-O Ne4 10. Nxe4 dxe4 11. Nd2 f5 12. Nc4 Bc7 13. Bxc6 bxc6 
14. Ba3 Rf6 15. Re1 Ba6 16. Ne5 c5 17. Bxc5 Bb7 18. Qe2 Qe8 19. a4 a6 
20. Qc4 Bd5 21. Qf1 f4 22. f3 e3 23. c4 Bb7 24. Rad1 a5 25. Ng4 Rf5 26. Ba3 h5 
27. Ne5 Bxe5 28. dxe5 h4 29. h3 Rxe5 30. Bd6 Rf5 31. Qd3 Qf7 32. Bxf4 Rxf4 
33. Rxe3 Rf6 34. Qd7 Re8 35. Rd4 Rf5 36. Qxf7+ Kxf7 37. Rxh4 e5 38. Rd3 Bc6 
39. Rg4 g6 40. Rd6 Rf6 41. Rd3 Ree6 42. Rh4 Rf5 43. Rh7+ Kf6 44. Rd2 e4 
45. fxe4 Bxe4 46. Re2 Rfe5 47. Rd7 Re7 48. Rd8 Bb7 49. Rf8+ Ke6 50. Rb2 Re1+ 
51. Kh2 Ke5 52. b4 axb4 53. Rxb4 Kd4 54. c5+ Kxc5 55. Rb5+ Kd4 56. h4 Be4 
57. Rd8+ Kc3 58. Rc8+ Kd3 59. Rd8+ Ke3 60. Kg3 Bc2 61. Rdd5 Bxa4 62. Re5+ Kd3 
63. Rbd5+ Kc4 64. Rc5+ Kb4 65. Rxe1 Rxe1 66. Rg5 Be8 67. Kf4 Rf1+ 68. Ke5 Rd1 
69. Kf6 Rf1+ 70. Ke7 Bf7 71. Rg3 Ba2 72. Rxg6 Bb1 73. Rf6 Rh1 74. g4 Rxh4 
75. Rb6+ Kc3 76. Rxb1 Rxg4 1/2-1/2

[Event "Wed Night Engine Tour 9 Rd Swiss 5m+1s Starts at 2200hrs ST"]
[Site "Infinity Chess"]
[Date "2018.4.11"]
[Round "3"]
[White "TasicV"]
[Black "MGR"]
[Result "1/2-1/2"]
[ECO "C50"]
[WhiteElo "2439"]
[BlackElo "2499"]
[WhiteEngine "SugaR.XPrO.1.4.64.POCNT_CTG"]
[BlackEngine "asmFishW_2018-04-08_popcnt"]
[EventType "Swiss"]
[WhiteTeam ""]
[BlackTeam ""]
[PlyCount "208"]
[TimeControl "300+1"]

1. e4 e5 2. Nf3 Nc6 3. Bc4 Bc5 4. O-O Nf6 5. d3 d6 6. c3 a5 7. Bg5 Ba7 
8. Nbd2 h6 9. Bh4 g5 10. Bg3 O-O 11. Bb3 Nh7 12. Kh1 Qf6 13. Nc4 Qg7 14. Ne3 Nf6 
15. a4 Kh8 16. Nd2 Ng8 17. Qe2 Nge7 18. Rae1 f5 19. exf5 Nxf5 20. Nxf5 Bxf5 
21. Bd5 Qg6 22. Be4 Bxe4 23. Nxe4 Rae8 24. f3 Bb6 25. Qc2 Kg7 26. Bf2 Bxf2 
27. Nxf2 Qf7 28. Qd2 Ne7 29. d4 Ng6 30. dxe5 Rxe5 31. c4 Rfe8 32. Qd4 Kh7 
33. Rxe5 Nxe5 34. Ne4 b6 35. b3 Re7 36. Nc3 Qf5 37. Nd5 Rf7 38. Qd1 Qd3 
39. Kg1 Kg7 40. Re1 Kf8 41. h3 Qxd1 42. Rxd1 Ke8 43. Kf2 Kd7 44. Ke3 Kd8 
45. Nc3 Nd7 46. Ne4 Re7 47. Kd3 Ne5+ 48. Ke3 Nd7 49. Kd3 Ne5+ 50. Ke3 Re8 
51. Rh1 Nd7 52. Kd4 Rf8 53. Ke3 Re8 54. Kd3 Ne5+ 55. Ke3 Ng6 56. g3 Kd7 
57. Rh2 Ke6 58. Nc3 Kd7+ 59. Kd2 Rf8 60. Rf2 c6 61. Ke3 Re8+ 62. Kd2 Rf8 
63. Ke3 Re8+ 64. Kd2 Re5 65. Rf1 Rf5 66. Ne2 Rf8 67. Ke3 Re8+ 68. Kd3 Ne5+ 
69. Kd2 Ng6 70. Nd4 Rf8 71. Ne2 Rf5 72. Nd4 Rf7 73. Ke2 Rf8 74. Ke3 Ne7 
75. Kf2 d5 76. cxd5 Nxd5 77. Rd1 Nc3 78. Rh1 Ne4+ 79. Kg2 Nc5 80. h4 Kd6 
81. hxg5 hxg5 82. g4 Rf7 83. Kg3 Kd5 84. Rd1 Rd7 85. Kg2 Kd6 86. f4 gxf4 
87. Kf3 Kc7 88. Kxf4 Nxb3 89. Ne6+ Kc8 90. Rb1 Nd4 91. Nxd4 Rxd4+ 92. Kf5 b5 
93. g5 Rxa4 94. g6 Ra2 95. Rg1 Rf2+ 96. Ke6 Rf8 97. g7 Rg8 98. Kf6 a4 
99. Kf7 Rxg7+ 100. Rxg7 Kd7 101. Kf6+ Kd6 102. Kf5 Kc5 103. Rg1 b4 104. Ke4 Kc4 
1/2-1/2

[Event "Wed Night Engine Tour 9 Rd Swiss 5m+1s Starts at 2200hrs ST"]
[Site "Infinity Chess"]
[Date "2018.4.11"]
[Round "3"]
[White "ocirema"]
[Black "Deep_Impact"]
[Result "1/2-1/2 "]
[ECO "A00"]
[WhiteElo "2511"]
[BlackElo "2524"]
[WhiteEngine "asmFishW_2018-04-08_popcnt"]
[BlackEngine "asmFishW_2018-04-07_bmi2"]
[EventType "Swiss"]
[WhiteTeam ""]
[BlackTeam ""]
[PlyCount "212"]
[TimeControl "300+1"]

1. c3 e5 2. c4 Nf6 3. d3 d5 4. cxd5 Nxd5 5. Nf3 Nc6 6. a3 Be6 7. e4 Nb6 
8. Be3 f6 9. h4 Qd7 10. Nbd2 Nd4 11. Bxd4 exd4 12. g3 Be7 13. Bg2 O-O 14. b3 c5 
15. O-O Rae8 16. Re1 Bf7 17. Qc2 Bd6 18. b4 Rc8 19. Qb1 Be5 20. Kh2 Be6 
21. Nb3 Na4 22. Nxc5 Nxc5 23. bxc5 Rxc5 24. Rc1 Rxc1 25. Qxc1 Rc8 26. Qd1 b5 
27. Ng1 a5 28. Bh3 Bxh3 29. Nxh3 a4 30. Ng1 f5 31. exf5 Qxf5 32. Qe2 Bd6 
33. Nf3 Rf8 34. Kg2 Kh8 35. Ng5 h6 36. Ne4 Qd5 37. Qb2 Rc8 38. Rb1 Rb8 
39. Ra1 Rc8 40. Rb1 Rb8 41. Rc1 b4 42. axb4 Bxb4 43. Rc4 Qb7 44. Rxd4 a3 
45. Qa2 Qa6 46. Rd7 Ra8 47. Rd4 Rb8 48. Rd7 Ra8 49. Rd4 Bf8 50. Nd2 Rb8 
51. Nc4 Qb7+ 52. Re4 Qd5 53. Qe2 Kh7 54. f3 Ra8 55. Qa2 Qxd3 56. Ne5 Qb5 
57. Re3 Qb2+ 58. Qxb2 axb2 59. Rb3 Ra2 60. Kh3 Bc5 61. h5 Bd4 62. Nc4 Bf6 
63. g4 Ra1 64. Rxb2 Bxb2 65. Nxb2 Ra3 66. Kg3 Rc3 67. Kf4 Kg8 68. Nd1 Ra3 
69. Ne3 Kf7 70. Ke4 Ra8 71. Nd5 Ra3 72. f4 Ke6 73. f5+ Kf7 74. Kf4 Ra4+ 
75. Kg3 Rc4 76. Kf3 Rc2 77. Kf4 Rc5 78. Ke4 Rc4+ 79. Kf3 Rc2 80. Kf4 Rc5 
81. Ke4 Rc1 82. Nf4 Rc4+ 83. Kf3 Rc3+ 84. Kg2 Rc4 85. Kf3 Rc3+ 86. Kf2 Ra3 
87. Ne6 Kf6 88. Kg2 Ra7 89. Kf2 Rf7 90. Kg2 Ra7 91. Kf3 Ke5 92. Kg3 Ra3+ 
93. Kf2 Rc3 94. Kg2 Kf6 95. Kf2 Rd3 96. Nc5 Ra3 97. Ne6 Rc3 98. Kg2 Rb3 
99. Nc5 Rb1 100. Ne6 Rb3 101. Nc5 Rb1 102. Ne6 Ra1 103. Kg3 Re1 104. Kf3 Rc1 
105. Kf4 Rg1 106. Kf3 Rh1 1/2-1/2

[Event "Wed Night Engine Tour 9 Rd Swiss 5m+1s Starts at 2200hrs ST"]
[Site "Infinity Chess"]
[Date "2018.4.11"]
[Round "3"]
[White "Thor"]
[Black "RonWeasley"]
[Result "1/2-1/2"]
[ECO "C11"]
[WhiteElo "2527"]
[BlackElo "2523"]
[WhiteEngine "Cfish 2018-04-08 64 NUMA BMI2"]
[BlackEngine "BrainFish 090218_CTG"]
[EventType "Swiss"]
[WhiteTeam ""]
[BlackTeam ""]
[PlyCount "113"]
[TimeControl "300+1"]

1. e4 e6 2. d4 d5 3. Nc3 Nf6 4. e5 Nfd7 5. f4 c5 6. Nf3 Nc6 7. Be3 cxd4 
8. Nxd4 Qb6 9. Qd2 Qxb2 10. Rb1 Qa3 11. Bb5 Nxd4 12. Bxd4 a6 13. Rb3 Qe7 
14. Ba4 g6 15. O-O Bg7 16. Bxd7+ Qxd7 17. Bc5 b5 18. Qd4 Qc7 19. a4 Bd7 
20. axb5 Rc8 21. Bb4 axb5 22. Ra1 Qc4 23. Qxc4 bxc4 24. Rb2 Rb8 25. Bd6 Rxb2 
26. Ra8+ Bc8 27. Rxc8+ Kd7 28. Rc7+ Kd8 29. Rxf7 Bf8 30. Bxf8 Ke8 31. Ba3 Kxf7 
32. Bxb2 Rb8 33. Ba3 Ra8 34. Bc5 Ra1+ 35. Kf2 Rc1 36. g4 Rxc2+ 37. Ne2 h5 
38. gxh5 gxh5 39. h4 Ra2 40. Bd4 Ra8 41. f5 exf5 42. Nf4 Rc8 43. Nxd5 Rd8 
44. e6+ Kxe6 45. Nf4+ Kf7 46. Be5 Rc8 47. Bc3 Ra8 48. Nxh5 Ra3 49. Be5 Ra5 
50. Bc3 Ra2+ 51. Ke3 Rh2 52. Ng3 f4+ 53. Kxf4 Rxh4+ 54. Kf3 Ke6 55. Ke3 Kd5 
56. Kf3 Rh6 57. Nf1 1/2-1/2

[Event "Wed Night Engine Tour 9 Rd Swiss 5m+1s Starts at 2200hrs ST"]
[Site "Infinity Chess"]
[Date "2018.4.11"]
[Round "3"]
[White "BlitzMaster"]
[Black "Victorious"]
[Result "1/2-1/2"]
[ECO "C50"]
[WhiteElo "2530"]
[BlackElo "2564"]
[WhiteEngine "asmFishW_2018-04-01_bmi2"]
[BlackEngine "Cfish_x64_060418_LTO_popcnt"]
[EventType "Swiss"]
[WhiteTeam ""]
[BlackTeam ""]
[PlyCount "136"]
[TimeControl "300+1"]

1. e4 e5 2. Nf3 Nc6 3. Bc4 Bc5 4. d3 Nf6 5. c3 a5 6. O-O d6 7. Bb3 O-O 8. Bg5 h6 
9. Bh4 g5 10. Bg3 g4 11. Nh4 Nh5 12. Kh1 Qg5 13. a4 Bd7 14. Nd2 Rad8 15. Qc2 b6 
16. Bc4 Ne7 17. Nb3 Qf6 18. Qd1 Qg5 19. d4 exd4 20. Nxd4 d5 21. exd5 Nxd5 
22. Qb3 Ndf4 23. Rae1 Bc8 24. Rd1 Qf6 25. Qc2 Rfe8 26. Bb5 Re5 27. Ne2 Rxd1 
28. Qxd1 Rd5 29. Qc2 Bd6 30. Nd4 c5 31. Ne2 Be6 32. Bc4 Re5 33. Nxf4 Nxg3+ 
34. hxg3 Bxc4 35. Rd1 Rg5 36. Qe4 Bb3 37. Rd3 Bxf4 38. gxf4 Rh5 39. g3 Kg7 
40. Rd2 Qe6 41. Qxe6 fxe6 42. Rd7+ Kg8 43. f5 exf5 44. Rd6 Bxa4 45. Rxb6 Bd1 
46. Rd6 Bc2 47. Kg1 f4 48. Ng2 fxg3 49. fxg3 Rh3 50. Kf2 Rh2 51. Kg1 Rh3 
52. Kf2 a4 53. Ne3 Rh2+ 54. Kg1 Re2 55. Nxc2 Rxc2 56. Rg6+ Kf7 57. Rxg4 a3 
58. bxa3 Rxc3 59. a4 c4 60. a5 h5 61. Rf4+ Ke6 62. Kg2 Rc2+ 63. Rf2 Rc3 
64. Ra2 Rb3 65. a6 c3 66. g4 hxg4 67. a7 Rb2+ 68. Rxb2 cxb2 1/2-1/2

[Event "Wed Night Engine Tour 9 Rd Swiss 5m+1s Starts at 2200hrs ST"]
[Site "Infinity Chess"]
[Date "2018.4.11"]
[Round "3"]
[White "MCDermont"]
[Black "Murx"]
[Result "1/2-1/2"]
[ECO "B12"]
[WhiteElo "2567"]
[BlackElo "2532"]
[WhiteEngine "BrainFish 090218"]
[BlackEngine "asmFishW_2018-04-07_popcnt"]
[EventType "Swiss"]
[WhiteTeam ""]
[BlackTeam ""]
[PlyCount "146"]
[TimeControl "300+1"]

1. e4 c6 2. d4 d5 3. e5 Bf5 4. Nf3 e6 5. Be2 Nd7 6. O-O Ne7 7. Nbd2 h6 8. Nb3 g5 
9. Ne1 Qc7 10. Bh5 c5 11. c3 Bg7 12. f4 c4 13. Nd2 gxf4 14. Rxf4 Nxe5 
15. dxe5 Bxe5 16. Rh4 Bf6 17. Ndf3 e5 18. Qe2 O-O-O 19. Be3 Be6 20. Bf2 Nc6 
21. Nc2 Rhg8 22. Rd1 Bxh4 23. Bxh4 Qb6+ 24. Ne3 Rd7 25. Bg3 d4 26. cxd4 Rxg3 
27. hxg3 exd4 28. Nxc4 Qc5 29. Nce5 d3+ 30. Qf2 Qxf2+ 31. Kxf2 Nxe5 32. Nxe5 Rd5 
33. Bxf7 Rxe5 34. Bxe6+ Rxe6 35. Rxd3 Rf6+ 36. Kg1 Kc7 37. Rc3+ Kd7 38. Rd3+ Kc7 
39. Rf3 Rb6 40. Rf2 Rb5 41. b3 Ra5 42. Kh2 Rh5+ 43. Kg1 Ra5 44. Rf7+ Kc8 
45. a4 Rd5 46. b4 Rd1+ 47. Kh2 Rb1 48. Rf4 Kd7 49. Rf7+ Kc8 50. Rf8+ Kc7 
51. Rf4 Kd7 52. Rh4 Ra1 53. Rd4+ Kc6 54. Rc4+ Kd7 55. a5 Rb1 56. g4 Rb3 
57. g3 Rb1 58. a6 bxa6 59. Kg2 Rb2+ 60. Kf3 Rb3+ 61. Kf2 Kd6 62. Kg2 Ke5 
63. Rc6 Rxb4 64. Rxh6 a5 65. Rh5+ Kf6 66. g5+ Kg6 67. Rh6+ Kf5 68. Kf3 a4 
69. Ra6 a3 70. Rxa3 Kxg5 71. Rxa7 Rb3+ 72. Kf2 Rb1 73. g4 Rb3 1/2-1/2

[Event "Wed Night Engine Tour 9 Rd Swiss 5m+1s Starts at 2200hrs ST"]
[Site "Infinity Chess"]
[Date "2018.4.11"]
[Round "2"]
[White "TasicV"]
[Black "Dovahkiin"]
[Result "1/2-1/2"]
[ECO "C50"]
[WhiteElo "2440"]
[BlackElo "2411"]
[WhiteEngine "SugaR.XPrO.1.4.64.POCNT_CTG"]
[BlackEngine "Raubfisch ME262_GTZ16f_CTG"]
[EventType "Swiss"]
[WhiteTeam ""]
[BlackTeam ""]
[PlyCount "90"]
[TimeControl "300+1"]

1. e4 e5 2. Nf3 Nc6 3. Bc4 Bc5 4. O-O Nf6 5. d3 d6 6. c3 O-O 7. Bg5 h6 8. Bh4 a5 
9. a4 g5 10. Bg3 Kg7 11. Nbd2 Ba7 12. Re1 Nh7 13. h4 g4 14. Nh2 h5 15. Nb3 Be6 
16. Nf1 Qf6 17. Bb5 Ne7 18. d4 Ng6 19. Ne3 Nxh4 20. dxe5 dxe5 21. Nf5+ Nxf5 
22. exf5 Bxb3 23. Qxb3 Kg8 24. Bxe5 Qxf5 25. Bd4 Bxd4 26. cxd4 Rad8 27. Re5 Qf4 
28. g3 Qh6 29. Kg2 Rxd4 30. Rh1 Nf6 31. Qc3 Rfd8 32. Qxc7 R8d5 33. b3 Rxe5 
34. Qxe5 Rd5 35. Qb8+ Kg7 36. Qxb7 Qg6 37. Bc4 Qe4+ 38. Kh2 h4 39. Bxd5 Nxd5 
40. gxh4 Qe5+ 41. Kg2 Nf4+ 42. Kg3 Nh3+ 43. Kg2 Nf4+ 44. Kg3 Nh3+ 45. Kg2 Nf4+ 
1/2-1/2

[Event "Wed Night Engine Tour 9 Rd Swiss 5m+1s Starts at 2200hrs ST"]
[Site "Infinity Chess"]
[Date "2018.4.11"]
[Round "2"]
[White "MGR"]
[Black "star99"]
[Result "1/2-1/2"]
[ECO "C42"]
[WhiteElo "2500"]
[BlackElo "2487"]
[WhiteEngine "asmFishW_2018-04-08_popcnt"]
[BlackEngine "Cryptic Heroes 9.3B"]
[EventType "Swiss"]
[WhiteTeam ""]
[BlackTeam ""]
[PlyCount "142"]
[TimeControl "300+1"]

1. e4 e5 2. Nf3 Nf6 3. Nxe5 d6 4. Nf3 Nxe4 5. d4 d5 6. Bd3 Nc6 7. O-O Be7 
8. Nbd2 Nd6 9. c3 Bf5 10. Nb3 O-O 11. Bf4 Bxd3 12. Qxd3 a5 13. Rfe1 Ne4 
14. Nbd2 Bd6 15. Nxe4 Bxf4 16. Ng3 g6 17. Re2 Re8 18. Rae1 Rxe2 19. Qxe2 Bd6 
20. h4 h5 21. Ng5 Bf4 22. Nf1 a4 23. Nf3 Bd6 24. Qb5 a3 25. b3 Rb8 26. Qd3 Ne7 
27. Ne5 Nf5 28. g3 c6 29. Ne3 Ng7 30. Nf3 b5 31. Kg2 Qc8 32. Ne5 Qc7 33. Nf3 Qc8 
34. Ra1 Ne6 35. Rd1 Qd7 36. Rf1 Rd8 37. Re1 Re8 38. Rd1 Rb8 39. Re1 Re8 
40. Rc1 Rd8 41. Rh1 Rc8 42. c4 dxc4 43. bxc4 Bf8 44. Rd1 b4 45. c5 Bg7 
46. Qc4 Rb8 47. Rd3 b3 48. Rxb3 Rxb3 49. Qxb3 Bxd4 50. Nxd4 Qxd4 51. Qxa3 Qe4+ 
52. Kg1 Nd4 53. Qb2 Kh7 54. a4 Nf3+ 55. Kg2 Nd2+ 56. Kh2 Nf3+ 57. Kh1 Nxh4+ 
58. Kg1 Nf3+ 59. Kf1 h4 60. gxh4 Nh2+ 61. Ke2 Qxa4 62. Qf6 Qa2+ 63. Kd3 Qb1+ 
64. Kd2 Qa2+ 65. Kd3 Qb3+ 66. Ke4 Qb4+ 67. Kd3 Qb5+ 68. Kd2 Qa5+ 69. Kd3 Qb5+ 
70. Ke4 Qa4+ 71. Kd3 Qb5+ 1/2-1/2

[Event "Wed Night Engine Tour 9 Rd Swiss 5m+1s Starts at 2200hrs ST"]
[Site "Infinity Chess"]
[Date "2018.4.11"]
[Round "2"]
[White "RonWeasley"]
[Black "ocirema"]
[Result "1/2-1/2"]
[ECO "D30"]
[WhiteElo "2523"]
[BlackElo "2511"]
[WhiteEngine "BrainFish 090218_CTG"]
[BlackEngine "asmFishW_2018-04-08_popcnt"]
[EventType "Swiss"]
[WhiteTeam ""]
[BlackTeam ""]
[PlyCount "123"]
[TimeControl "300+1"]

1. d4 d5 2. c4 e6 3. Nf3 Nf6 4. Nc3 c6 5. Bg5 h6 6. Bxf6 Qxf6 7. e3 Nd7 
8. Be2 Qd8 9. Qc2 Be7 10. Rc1 a6 11. O-O O-O 12. a3 b6 13. Rfd1 Bb7 14. e4 Re8 
15. e5 dxc4 16. Bxc4 Qb8 17. Qe2 Qa7 18. Ne4 Red8 19. Qe3 c5 20. d5 exd5 
21. Bxd5 Bxd5 22. Rxd5 Qc7 23. Nc3 Nf8 24. Qe4 b5 25. Rdd1 Rab8 26. Nd5 Qb7 
27. Rd2 Kh8 28. Rcd1 Rd7 29. g3 Rbd8 30. Nc3 Qxe4 31. Nxe4 g5 32. Nd6 Kh7 
33. Nxf7 Rxd2 34. Rxd2 Rxd2 35. Nxd2 Nd7 36. Kg2 Kg7 37. Nd6 Nxe5 38. Ne8+ Kf7 
39. Nc7 Nd3 40. Nxa6 Nxb2 41. Nc7 b4 42. axb4 cxb4 43. Kf3 Bd6 44. Na6 h5 
45. Ke4 Ke6 46. f3 Na4 47. Kd4 h4 48. Kc4 Nb2+ 49. Kb3 Nd3 50. Ne4 Be7 
51. Nc7+ Ke5 52. Kc4 Ne1 53. Nd2 b3 54. Nd5 hxg3 55. hxg3 Bf8 56. f4+ gxf4 
57. gxf4+ Kf5 58. Nxb3 Ke4 59. Nc3+ Kxf4 60. Nd5+ Kg4 61. Ne3+ Kf3 62. Nd5 
1/2-1/2